 Dungeon Crawl Stone Soup version 0.20.1-1-g8b1a95d (webtiles) character file.

3642 Goboxel the Slinger (level 10, -2/68 HPs)
             Began as a Halfling Hunter on July 22, 2017.
             Was a Follower of Fedhas.
             Slain by a wolf (5 damage)
             ... led by Grum
             ... on level 8 of the Dungeon.
             The game lasted 00:20:55 (8690 turns).

Goboxel the Slinger (Halfling Hunter)               Turns: 8690, Time: 00:20:55

Health: -2/68      AC:  7    Str: 15    XL:     10   Next: 33%
Magic:  19/19      EV: 19    Int:  9    God:    Fedhas [*.....]
Gold:   59         SH:  7    Dex: 19    Spells: 9/9 levels left

rFire    . . .     SeeInvis .   B - +2 dagger (venom)
rCold    . . .     Gourm    .   i - +0 buckler
rNeg     . . .     Faith    .   j - +3 leather armour of Mutualism {+Fly MR+}
rPois    .         Spirit   .   (no helmet)
rElec    .         Reflect  .   (no cloak)
rCorr    .         Harm     .   (no gloves)
MR       +....                  (no boots)
Stlth    ++++......             z - amulet of magic regeneration
Regen    0.3/turn               h - +1 ring of protection
MPRegen  0.3/turn               r - ring of magical power

@: no status effects
A: mutation resistance 1, strong 1
a: Fungal Bloom, Evolution, Renounce Religion, Evoke Flight


You were on level 8 of the Dungeon.
You worshipped Fedhas.
Fedhas was aware of your devotion.
You were hungry.

You visited 1 branch of the dungeon, and saw 8 of its levels.
You also visited: Sewer.

You collected 327 gold pieces.
You spent 268 gold pieces at shops.

Inventory:

Hand Weapons
 a - a +1 hunting sling
 b - a +1 scimitar of flaming
 B - a +2 dagger of venom (weapon)
Missiles
 n - 205 stones (quivered)
Armour
 i - a +0 buckler (worn)
 j - the +3 leather armour of Mutualism (worn) {+Fly MR+}
   (You bought it in a shop on level 5 of the Dungeon)

   It affects your resistance to hostile enchantments.
   It lets you fly.
Jewellery
 h - a +1 ring of protection (left hand)
 r - a ring of magical power (right hand)
 z - an amulet of magic regeneration (around neck)
 D - a +5 ring of strength {unknown}
Wands
 c - a wand of flame (19/48)
 t - a wand of paralysis (6/24)
 w - a wand of acid (7/15)
 y - a wand of flame (19/48)
Scrolls
 d - 2 scrolls of recharging
 q - a scroll of identify
 s - a scroll of fog
 u - 3 scrolls of enchant weapon
 v - 3 scrolls of remove curse
 A - a scroll of magic mapping
 C - a scroll of amnesia
Potions
 e - 3 potions of haste
 g - a potion of lignification
 k - 2 potions of agility
 m - 3 potions of brilliance
 o - a potion of might
Comestibles
 f - 4 bread rations
 p - 2 fruits
 x - 2 royal jellies


   Skills:
 + Level 5.7 Fighting
 - Level 7.2 Short Blades
 + Level 0.2(3.6) Long Blades
 + Level 10.3 Slings
 + Level 6.6 Dodging
 + Level 7.1 Stealth
 - Level 4.8 Shields


You had 9 spell levels left.
You didn't know any spells.

Dungeon Overview and Level Annotations

Branches:
Dungeon (8/15)             Temple (0/1) D:4
   Lair: D:8-11

Altars:
Ashenzari
Cheibriados
Fedhas
Gozag
Qazlal
Trog
Vehumet
Yredelemnul
The Shining One

Shops:
D:5 [[}[*   D:7 :

Annotations:
D:4 Duvessa
D:8 Gastronok, Grum


Innate Abilities, Weirdness & Mutations

You are small and have problems with some larger weapons.
You are somewhat resistant to further mutation.
Your muscles are strong. (Str +2)


Message History

The orc is moderately wounded.
The wolf barely misses you.
Wield which item (- for none, * to show all)? (? for menu, Esc to quit)
Your +2 dagger of venom begins to drip with poison!
B - a +2 dagger of venom (weapon)
The wolf misses you.
The jelly jiggles.
You hit the wolf.
The wolf is poisoned.
The wolf is lightly wounded.
The wolf misses you.
You miss the wolf.
The wolf is lightly wounded.
The wolf barely misses you.
You hit the wolf.
The wolf looks as sick as possible!
The wolf is lightly wounded.
The wolf bites you!
* * * LOW HITPOINT WARNING * * *
The wolf bites you.
You die...
Fedhas appreciates your contribution to the ecosystem.

.....#..##.#
...#..##.#
#...##.#
#...##.# #
#...##.#
#.#...##.##
#......[..#
####.######
#@# #h# #o#
#.# #o# #J#
..#########h#
.yh.Jo)o..g.#
y.wg#########


You could see Grum, 2 wolves, a jelly and 2 orcs.

Vanquished Creatures
  Erica (D:8)
  Pikel (D:7)
  The ghost of ig87 the Changer, a novice NaTm of Cheibriados (D:5)
  A hungry ghost (D:5)
  An orc warrior (D:7)
  An ice beast (D:6)
  A phantom (D:5)
  A wolf (D:8)
  5 bullfrogs
  A water moccasin zombie (D:7)
  A wyvern skeleton (D:7)
  Dowan (D:4)
  A scorpion (D:7)
  3 wights (D:7)
  2 crimson imps
  A bullfrog zombie (D:6)
  4 orc priests
  A hound (D:6)
  A jelly (D:7)
  A centaur zombie (D:6)
  4 orc wizards
  A bullfrog skeleton (D:4)
  2 iguanas
  An iron imp (D:8)
  7 worker ants
  A killer bee zombie (D:6)
  A hound zombie (D:5)
  A hound skeleton (D:5)
  A worker ant zombie (D:7)
  4 gnolls
  12 adders
  A white imp (D:6)
  12 oozes
  2 adder skeletons (D:7)
  5 worms
  4 dart slugs
  7 leopard geckos
  25 orcs
  5 bats
  13 giant cockroaches
  6 goblins
  7 hobgoblins
  3 jackals (D:1)
  3 kobolds
  A quokka (D:3)
  21 ball pythons
  15 frilled lizards
  A goblin skeleton (D:6)
  2 goblin zombies (D:6)
  A hobgoblin zombie (D:6)
  2 kobold skeletons (D:6)
  A kobold zombie (D:6)
  An orc skeleton (D:6)
  An orc zombie (D:6)
  A quokka skeleton (D:6)
  7 rats
212 creatures vanquished.

Vanquished Creatures (others)
  3 slaves (D:7)
  An ogre (D:7)
  A centaur (D:7)
  3 wights (D:7)
  A hound (D:7)
  31 toadstools
40 creatures vanquished.

Grand Total: 252 creatures vanquished

Notes
Turn   | Place    | Note
-------+----------+-------------------------------------------
     0 | D:1      | Goboxel the Halfling Hunter began the quest for the Orb.
     0 | D:1      | Reached XP level 1. HP: 14/14 MP: 1/1
    85 | D:1      | Reached skill level 6 in Slings
   110 | D:1      | Reached XP level 2. HP: 19/19 MP: 2/2
   112 | D:1      | Reached skill level 1 in Short Blades
   415 | D:1      | Reached XP level 3. HP: 24/24 MP: 3/3
   929 | D:2      | Found a shattered altar of Ashenzari.
  1346 | D:2      | Reached XP level 4. HP: 28/29 MP: 4/4
  1674 | D:3      | Found a stormy altar of Qazlal.
  1675 | D:3      | Found a basalt altar of Yredelemnul.
  1766 | D:3      | Gained mutation: Your muscles are strong. (Str +2) [potion of mutation]
  1832 | D:3      | Reached XP level 5. HP: 33/35 MP: 5/5
  2192 | D:3      | Found a glowing drain.
  2202 | Sewer    | Entered a sewer
  2438 | Sewer    | Reached XP level 6. HP: 41/41 MP: 6/6
  2824 | Sewer    | Reached skill level 7 in Slings
  2912 | Sewer    | Reached XP level 7. HP: 35/46 MP: 7/7
  3070 | D:3      | Found a blossoming altar of Fedhas.
  3073 | D:3      | Found an opulent altar of Gozag.
  3100 | D:3      | Became a worshipper of Fedhas Madash
  3620 | D:4      | Found a snail-covered altar of Cheibriados.
  3775 | D:4      | Noticed Duvessa
  3776 | D:4      | Noticed Dowan
  3793 | D:4      | Killed Dowan
  4044 | D:4      | Found a staircase to the Ecumenical Temple.
  4543 | D:5      | Entered Level 5 of the Dungeon
  4555 | D:5      | Noticed a hungry ghost
  4564 | D:5      | Killed a hungry ghost
  4564 | D:5      | Reached skill level 8 in Slings
  4564 | D:5      | Reached XP level 8. HP: 47/54 MP: 8/8
  4836 | D:5      | Noticed ig87's ghost (novice NaTm)
  4877 | D:5      | Killed ig87's ghost
  4877 | D:5      | Reached skill level 5 in Short Blades
  4877 | D:5      | Reached skill level 5 in Stealth
  5157 | D:5      | Found Liedo's Antique Armour Emporium.
  5157 | D:5      | Found Huijov's Gadget Emporium.
  5190 | D:5      | Reached skill level 5 in Dodging
  5240 | D:5      | Found Kuitwuq's Armour Emporium.
  5250 | D:5      | Bought a +0 buckler for 58 gold pieces
  5474 | D:5      | Found Idicvif's Assorted Antiques.
  5491 | D:5      | Found Peghobum's Armour Emporium.
  6042 | D:5      | Reached skill level 1 in Shields
  6201 | D:6      | Reached XP level 9. HP: 52/59 MP: 9/9
  6353 | D:5      | Bought a shimmering leather armour for 210 gold pieces
  6363 | D:5      | Identified the +3 leather armour of Mutualism {+Fly MR+} (You bought it in a shop on level 5 of the Dungeon)
  6571 | D:6      | Found a glowing golden altar of the Shining One.
  6590 | D:6      | Reached skill level 9 in Slings
  6989 | D:6      | Found a radiant altar of Vehumet.
  7485 | D:6      | Found a shattered altar of Ashenzari.
  7515 | D:7      | Found Aro Bom's Book Shoppe.
  7699 | D:7      | Noticed Pikel
  7729 | D:7      | Killed Pikel
  7729 | D:7      | Reached skill level 5 in Fighting
  7937 | D:7      | Reached XP level 10. HP: 63/66 MP: 10/10
  8004 | D:7      | Found a bloodstained altar of Trog.
  8272 | D:8      | Reached * piety under Fedhas
  8289 | D:8      | Noticed Erica
  8317 | D:8      | Killed Erica
  8317 | D:8      | Reached skill level 10 in Slings
  8666 | D:8      | Noticed Grum
  8667 | D:8      | Noticed Gastronok
  8689 | D:8      | HP: 3/68 [wolf[Grum] (8)]
  8690 | D:8      | Slain by a wolf

Skill      XL: |  1  2  3  4  5  6  7  8  9 10 |
---------------+-------------------------------+-----
Slings         | 6 7 8 9 10 | 10.3
Short Blades   | 1 2 3 4 5 6 7 |  7.2
Fighting       | 2 3 4 5 |  5.7
Stealth        | 2 3 4 5 6 7 |  7.1
Dodging        | 3 4 5 6 |  6.6
Shields        | 1 4 |  4.8
Long Blades    | |  0.2

Action                   |  1- 3 |  4- 6 |  7- 9 | 10-12 || total
-------------------------+-------+-------+-------+-------++-------
Melee: Short sword       |     9 |       |       |       ||     9
       Dagger            |    50 |   218 |   357 |    43 ||   668
       Scimitar          |       |       |       |     3 ||     3
 Fire: Hunting sling     |    39 |    23 |   134 |    15 ||   211
Throw: Stone             |       |       |     1 |       ||     1
Invok: Fungal Bloom      |       |       |    11 |     1 ||    12
Evoke: Wand              |       |       |     1 |       ||     1
  Use: Scroll            |     8 |     3 |     7 |       ||    18
       Potion            |       |     2 |     4 |     1 ||     7
 Stab: Sleeping          |     2 |     2 |     6 |       ||    10
       Distracted        |     1 |       |     3 |       ||     4
       Paralysed         |       |       |     1 |       ||     1
  Eat: Chunk             |     1 |     5 |    10 |     2 ||    18
       Fruit             |       |       |     2 |       ||     2
       Meat ration       |       |       |     1 |       ||     1
Armor: Leather armour    |    10 |    38 |    45 |     2 ||    95
Dodge: Dodged            |    52 |   201 |   227 |    28 ||   508
Block: Buckler           |       |       |    56 |     9 ||    65
       Rpst.: Scimitar   |       |       |       |     5 ||     5
